 Dungeon Crawl Stone Soup version 0.31.0-32-g396128a36d (webtiles) character file.

Game seed: 13146945994193881968

167503 spaghetti the Worldbinder (level 17, -9/153 HPs)
             Began as a Naga Summoner on Mar 12, 2024.
             Was a Plaything of Xom.
             Mangled by an entropy weaver (10 damage)
             ... summoned by Xom
             ... on level 4 of the Spider Nest.
             The game lasted 01:22:22 (44912 turns).

spaghetti the Worldbinder (Naga Summoner)          Turns: 44912, Time: 01:22:23

Health: -9/153     AC: 14    Str: 21 (25) XL:     17   Next: 92%
Magic:  0/40       EV:  7    Int: 16 (23) God:    Xom [*.....]
Gold:   5052       SH:  4    Dex:  6 (10) Spells: 2/36 levels left

rFire   + . .        j - +2 hand axe (heavy)
rCold   + + .        (no shield)
rNeg    . . .        C - +2 robe {rF+}
rPois   +            (helmet unavailable)
rElec   .            r - +0 cloak
rCorr   .            v - +2 pair of gloves
SInv    +            l - +4 barding of the Hills {Rampage rF- Regen+ MP+9}
Will    ++...        i - amulet of regeneration
Stlth   +++          Q - +6 ring of strength
HPRegen 2.05/turn    S - ring of protection from fire
MPRegen 0.27/turn

%: clarity, rampage
@: about to teleport, corroded, hasted and slowed, very slow
A: AC +5, large, see invisible, deformed body, poison resistance, slowness 2,
spit poison 1, naga tail 2, horns 3, iridescent scales 1, large bone plates 1,
camouflage 1, clarity, clever 1, cold resistance 2, sense surroundings 1, strong
2, wild magic 1, sturdy frame 1
a: Spit Poison, Renounce Religion


You were on level 4 of the Spider Nest.
You worshipped Xom.
You were a special plaything of Xom.
You visited 3 branches of the dungeon, and saw 24 of its levels.
You also visited: Ossuary.

You collected 5388 gold pieces.
You spent 336 gold pieces at shops.

Inventory:

Hand Weapons
 j - a +2 heavy hand axe (weapon)
Missiles
 b - 4 curare-tipped darts
 s - 6 throwing nets
 z - 6 javelins
Armour
 l - the +4 barding of the Hills (worn) {Rampage rF- Regen+ MP+9}
   (You acquired it on level 4 of the Dungeon)

   rF-:       It makes you vulnerable to fire.
   MP+9:      It affects your magic capacity (+9).
   Regen+:    It increases your rate of health regeneration.
   Rampage:   It bestows one free step when moving towards enemies.
 r - a +0 cloak (worn)
 v - a +2 pair of gloves (worn)
 y - the +1 robe of Weirdness {+Inv Dex+5}
   (You found it on level 6 of the Dungeon)

   Dex+5:     It affects your dexterity (+5).
   +Inv:      It lets you turn invisible.
 C - a +2 robe of fire resistance (worn)
Jewellery
 i - an amulet of regeneration (around neck)
 E - an amulet of magic regeneration
 J - a ring of resist corrosion
 K - an amulet of regeneration
 M - a ring of ice
 Q - a +6 ring of strength (left hand)
 S - a ring of protection from fire (right hand)
 U - an amulet of faith
 X - a +4 ring of protection
Wands
 d - a wand of polymorph (15)
 g - a wand of flame (59)
 m - a wand of roots (51)
 p - a wand of digging (25)
 x - a wand of light (24)
 F - a wand of paralysis (17)
 P - a wand of mindburst (8)
Scrolls
 c - 7 scrolls of poison
 e - 2 scrolls of enchant armour
 f - a scroll of silence
 h - 5 scrolls of revelation
 k - 7 scrolls of vulnerability
 t - 9 scrolls of identify
 u - 3 scrolls of torment
 w - 8 scrolls of fog
 A - 5 scrolls of noise
 B - 8 scrolls of teleportation
 I - 3 scrolls of enchant weapon
 Y - a scroll of fear
Potions
 n - 6 potions of might
 o - 5 potions of enlightenment
 q - 4 potions of degeneration
 D - 6 potions of lignification
 H - 4 potions of brilliance
 L - 9 potions of curing
 N - 4 potions of heal wounds
 O - 2 potions of cancellation
 R - 2 potions of haste
 T - 2 potions of mutation
 V - 2 potions of attraction
 W - 2 potions of magic
 Z - a potion of resistance


   Skills:
 - Level 10.0 Fighting
 - Level 9.6 Armour
 - Level 1.5 Dodging
 - Level 3.0 Stealth
 - Level 10.0 Spellcasting
 + Level 21.2 Summonings
 - Level 13.0 Necromancy
 + Level 6.6 Translocations
 - Level 5.0 Air Magic
 - Level 5.0 Evocations


You had 2 spell levels left.
You knew the following spells:

 Your Spells              Type           Power      Damage    Failure   Level
a - Malign Gateway        Summ/Tloc      31%        N/A       34%         7
b - Call Imp              Summ           100%       N/A       1%          2
c - Call Canine Familiar  Summ           78%        N/A       1%          3
d - Martyr's Knell        Necr/Summ      69%        N/A       1%          4
e - Summon Lightning Spi  Summ/Air       60%        N/A       1%          4
f - Summon Hydra          Summ           39%        N/A       2%          7
g - Haunt                 Necr/Summ      34%        N/A       11%         7

Your spell library contained the following spells:

 Spells                   Type           Power      Damage    Failure   Level
 Apportation              Tloc           76%        N/A       1%          1
 Kiss of Death            Conj/Necr      100%       2d13      1%          1
 Necrotise                Necr           100%       1d9       1%          1
 Summon Small Mammal      Summ           100%       N/A       1%          1
 Blink                    Tloc           76%        N/A       1%          2
 Lesser Beckoning         Tloc           76%        N/A       1%          2
 Momentum Strike          Conj/Tloc      48%        3d9       6%          2
 Mercury Vapours          Alch/Air       40%        N/A       8%          2
 Sting                    Conj/Alch      40%        1d5       13%         1
 Fugue of the Fallen      Necr           59%        N/A       1%          3
 Vampiric Draining        Necr           59%        2d10      1%          3
 Dispel Undead            Necr           59%        3d21      1%          4
 Animate Armour           Summ/Erth      100%       N/A       2%          4
 Summon Blazeheart Golem  Fire/Summ      53%        N/A       2%          4
 Curse of Agony           Necr           59%        N/A       2%          5
 Summon Mana Viper        Hex/Summ       53%        N/A       5%          5
 Anguish                  Hex/Necr       18%        N/A       10%         4
 Manifold Assault         Tloc           38%        N/A       10%         4
 Dimensional Bullseye     Hex/Tloc       12%        N/A       32%         4
 Confusing Touch          Hex            10%        N/A       34%         3
 Ozocubu's Armour         Ice            10%        N/A       34%         3
 Sigil of Binding         Hex            10%        N/A       34%         3
 Cause Fear               Hex            5%         N/A       73%         4
 Olgreb's Toxic Radiance  Alch           10%        N/A       73%         4
 Dispersal                Tloc           19%        N/A       75%         6
 Enfeeble                 Hex            5%         N/A       100%        7
 Lehudib's Crystal Spear  Conj/Erth      5%         10d3      100%        8
 Polar Vortex             Ice            5%         N/A       100%        9


Dungeon Overview and Level Annotations

Branches:
Dungeon (15/15)            Temple (0/1) D:4            Lair (5/5) D:8
 Shoals (0/4) Lair:2       Spider (4/4) Lair:2        Slime (0/5) Lair:5
 Vaults (0/5) D:14         Depths (0/4) D:15        Ossuary (visited)
    Orc: D:9-12

Altars:
Ashenzari
Cheibriados
Dithmenos
Elyvilon
Fedhas
Kikubaaqudgha
Makhleb
Nemelex Xobeh
Okawaru
Qazlal
Ru
Uskayaw
Vehumet
Xom
Yredelemnul
Zin
The Shining One
Jiyva

Shops:
D:4 !=[=(   D:6 :   D:8 =   D:9 [   D:15 *

Portals:
Trove: D:15 (show abyssal rune of Zot)

Annotations:
Lair:1 exclusion: door


Innate Abilities, Weirdness & Mutations

Your serpentine skin is tough. (AC +5)
You have supernaturally acute eyesight. (SInv)
Armour fits poorly on your strangely shaped body.
Your system is resistant to poisons. (rPois)
You cover ground very slowly.
You can spit poison.
You can use your snake-like lower body to constrict enemies.
You have a pair of large horns on your head.
You are partially covered in iridescent scales. (AC +2)
You are partially covered in large bone plates. (SH +4)
Your skin changes colour to match your surroundings (Stealth+).
You possess an exceptional clarity of mind.
Your mind is acute. (Int +4, Str/Dex -1)
Your flesh is very cold resistant. (rC++)
You passively map a small area around you.
Your muscles are very strong. (Str +8, Int/Dex -2)
Your spells are a little harder to cast, but a little more powerful.
Your movements are slightly less encumbered by armour. (ER -2)


Message History

The ghost moth hits you!
You feel weakened. The ghost moth hits you.
The ghost moth stings you but does no damage.
The redback bites you but does no damage.
The torpor snail bites you but does no damage.
The entropy weaver hits you but does no damage.
The entropy weaver closely misses you.
The entropy weaver hits you but does no damage.
The entropy weaver hits you!
* * * LOW HITPOINT WARNING * * *
Your four-headed hydra bites the redback!
Your four-headed hydra bites the redback. x2
Your four-headed hydra bites the redback!
The redback dies!
The redback's corpse disappears in a puff of smoke!
The ghost moth hits you!
* * * LOW HITPOINT WARNING * * *
The ghost moth hits you.
* * * LOW HITPOINT WARNING * * *
The ghost moth stings you.
* * * LOW HITPOINT WARNING * * *
You feel dopey.
Unknown command.
Unknown command.
You feel yourself speed up.
The entropy weaver hits you but does no damage. x2
The entropy weaver completely misses you.
The entropy weaver barely misses you. The ghost moth stares at you.
You feel your power leaking away. The ghost moth hits you!
* * * LOW HITPOINT WARNING * * *
The ghost moth hits you but does no damage.
The ghost moth completely misses you. The torpor snail bites you!
* * * LOW HITPOINT WARNING * * *
Xom roars with laughter!
The entropy weaver hits you but does no damage.
The entropy weaver hits you!
You die...

###### #^...##
##.~...## ####
#$~.....## #..# #
#^†..~.B.# ##..##### #
#.###..D@# #.......###
#†~* #..wy#
####.)#....##. #~.
##..s# #..#......##b.
#.s
~#.~^###..<..#..##.#.
##~.. ,
#^~.##......#..#....
#... ,
#...###....#...#..b.
##..~
~,##..###^...#..^^..#.
#^..
#..~##.......##....
#^.# ~
#...##...#..#......


You could see a ghost moth (summoned, invisible), an entropy weaver (summoned,
ally target), a torpor snail (summoned), a wolf spider (summoned) and a friendly
four-headed hydra (summoned, slow).

Vanquished Creatures
  2 ghost moths (Spider:4)
  An emperor scorpion (Spider:2)
  A broodmother (Spider:1)
  2 spark wasps (Spider:3)
  An ice dragon (Lair:5)
  3 boulder beetles
  A death knight (D:14)
  3 pharaoh ants
  A mana viper (Lair:1)
  A harpy (Lair:2)
  A lindwurm (Lair:5)
  A deep elf pyromancer (D:14)
  An ugly thing (D:13)
  2 wolf spiders
  Maurice (D:8)
  13 elephants (Lair:5)
  A black mamba (Lair:4)
  3 gargoyles
  6 torpor snails
  2 rime drakes (Lair:5)
  5 cane toads
  8 komodo dragons
  Psyche (D:8)
  A troll (D:13)
  3 tarantellas
  7 hornets
  A polar bear (Lair:4)
  7 blink frogs
  A tyrant leech (Lair:5)
  A dream sheep (Lair:4)
  8 jumping spiders
  2 slime creatures (D:14)
  7 culicivoras
  A vampire (D:14)
  A wraith (D:12)
  2 shadows (D:11)
  2 wyverns
  A basilisk (Lair:2)
  24 yaks
  A vampire mosquito (D:11)
  A steam dragon (shapeshifter) (D:8)
  7 redbacks
  Edmund (D:4)
  4 water moccasins
  Duvessa (D:5)
  An orc warrior (D:9)
  2 swamp drakes (Lair:5)
  3 black bears
  An ogre (D:5)
  4 wolves (Lair:2)
  5 nameless horrors
  3 kobold brigands
  A necrophage (D:5)
  An elf zombie (Ossuary)
  A gnoll sergeant (D:9)
  2 bullfrogs (Lair:1)
  2 wights (D:8)
  11 killer bees
  Dowan (D:5)
  A howler monkey (D:10)
  3 electric eels
  A centaur zombie (Ossuary)
  3 human zombies (Ossuary)
  2 hounds
  7 orc priests
  Natasha (twice) (D:4)
  Terence (D:2)
  An iguana (D:5)
  8 orc wizards
  4 hell rats (Lair:5)
  A hound zombie (Ossuary)
  A hound skeleton (D:5)
  2 mummies (Ossuary)
  Robin (D:4)
  7 adders
  3 gnolls
  A shadow imp (D:7)
  4 ufetubi (D:6)
  2 adder zombies (Ossuary)
  3 dart slugs
  A ribbon worm (D:3)
  17 orcs
  5 bats
  2 endoplasms (D:2)
  2 gnoll zombies (Ossuary)
  8 goblins
  5 hobgoblins
  4 jackals (D:2)
  12 kobolds
  2 quokkas (D:1)
  3 ball pythons
  5 frilled lizards
  A jackal zombie (Ossuary)
  A kobold zombie (Ossuary)
  5 orc zombies (Ossuary)
  4 rats
318 creatures vanquished.

Vanquished Creatures (collateral kills)
  Arachne (Spider:2)
  Frances (D:13)
  An eldritch tentacle (Spider:4)
  A ghost moth (Spider:2)
  9 emperor scorpions
  3 broodmothers
  A stone giant (Spider:4)
  3 spark wasps
  A fire dragon (Lair:5)
  An entropy weaver (Spider:4)
  11 hydras
  A radroach (Spider:4)
  8 centaur warriors
  3 tengu warriors
  A death knight (D:15)
  4 two-headed ogres
  4 boulder beetles
  9 demonic crawlers
  4 pharaoh ants
  A skyshark (Lair:4)
  2 skeletal warriors
  A swamp dragon (Lair:5)
  2 lindwurms
  8 steelbarb worms
  11 orb spiders
  3 deep elf pyromancers
  3 phantasmal warriors
  3 manticores
  4 ugly things
  6 cyclopes
  19 wolf spiders
  11 elephants (Lair:5)
  5 moths of wrath
  6 meliai
  A black mamba (shapeshifter) (D:14)
  9 black mambas
  Jeremiah (D:6)
  11 cane toads
  3 rime drakes
  3 torpor snails
  A komodo dragon (shapeshifter) (D:15)
  An efreet (D:14)
  2 freezing wraiths
  7 komodo dragons
  A tengu conjurer (D:15)
  3 trolls
  4 hornets
  15 blink frogs
  2 tyrant leeches (Lair:5)
  24 tarantellas
  6 dream sheep (Lair:4)
  Prince Ribbit (D:5)
  16 jumping spiders
  12 slime creatures
  16 culicivoras
  2 shadows
  A wraith (D:14)
  3 wyverns
  4 basilisks (Lair:5)
  36 yaks
  11 nameless horrors
  2 steam dragons (Lair:5)
  46 redbacks
  3 vampire mosquitoes
  2 acid dragons
  15 water moccasins
  6 black bears
  6 orc warriors
  5 laughing skulls
  8 wolves
  2 centaurs (D:13)
  4 ogres
  A phantom (D:6)
  2 elf zombies (Ossuary)
  6 bullfrogs
  A gnoll sergeant (D:4)
  A scorpion (D:6)
  11 wights
  9 killer bees
  2 howler monkeys (D:7)
  3 electric eels
  A human zombie (Ossuary)
  6 orc priests
  A bombardier beetle (D:3)
  Natasha (D:4)
  3 iguanas
  2 sleepcaps
  2 orc wizards
  3 hell rats (Lair:5)
  3 hound zombies (Ossuary)
  A mummy (D:5)
  4 gnolls
  4 adders
  2 shadow imps
  3 white imps
  2 ufetubi (D:6)
  5 adder zombies (Ossuary)
  2 ribbon worms (D:3)
  A dart slug (D:1)
  24 orcs
  6 ball pythons
  3 bats
  3 endoplasms
  3 giant cockroaches (D:1)
  A gnoll zombie (Ossuary)
  3 hobgoblins (D:1)
  3 jackals (D:3)
  A quokka (D:1)
  7 goblins
  3 jackal zombies (Ossuary)
  14 kobolds
  2 kobold zombies (Ossuary)
  3 orc zombies (Ossuary)
  A rat (D:3)
606 creatures vanquished.

Vanquished Creatures (others)
  5 eldritch tentacles (Spider:4)
  A redback (Spider:1)
  2 iguanas (Lair:5)
  An orc (D:9)
  2 endoplasms (D:3)
  A quokka (D:3)
  4 kobolds (D:3)
  A rat (D:3)
17 creatures vanquished.

Grand Total: 941 creatures vanquished

Notes
Turn   | Place    | Note
-------+----------+-------------------------------------------
     0 | D:1      | spaghetti the Naga Summoner began the quest for the Orb.
     0 | D:1      | Reached XP level 1. HP: 15/15 MP: 3/3
    76 | D:1      | Reached skill level 1 in Fighting
   233 | D:1      | Reached XP level 2. HP: 21/25 MP: 0/5
   240 | D:1      | Learned a level 2 spell: Call Imp
   579 | D:1      | Reached XP level 3. HP: 28/33 MP: 1/6
   583 | D:1      | Learned a level 3 spell: Call Canine Familiar
  1568 | D:1      | Gained mutation: Your health recovers twice as slowly from
                  | being drained. [potion of mutation]
  1907 | D:2      | Noticed Terence
  1918 | D:2      | Killed Terence
  1919 | D:2      | Reached XP level 4. HP: 24/44 MP: 1/7
  2093 | D:2      | Found a faded altar of an unknown god.
  2790 | D:3      | Reached XP level 5. HP: 51/51 MP: 2/8
  3272 | D:3      | Reached skill level 5 in Fighting
  3817 | D:3      | Reached skill level 1 in Armour
  3817 | D:3      | Found a shimmering altar of Xom.
  3879 | D:3      | Found a sacrificial altar of Ru.
  4145 | D:3      | Became a worshipper of Xom of Chaos
  4171 | D:4      | Found Taifuduu's Antique Armour Boutique.
  4172 | D:4      | Noticed Edmund
  4194 | D:4      | Killed Edmund
  4195 | D:4      | Reached XP level 6. HP: 21/61 MP: 3/9
  4478 | D:4      | Noticed Robin
  4500 | D:4      | Killed Robin
  4568 | D:4      | Identified a scroll of acquirement
  4568 | D:4      | Acquired the +4 barding of the Hills {Rampage rF- Regen+
                  | MP+9}
  4571 | D:4      | XOM: silly message
  4581 | D:4      | Reached XP level 7. HP: 24/67 MP: 5/10
  4673 | D:4      | Learned a level 4 spell: Summon Lightning Spire
  4702 | D:4      | Found Irawn's Distillery.
  4715 | D:4      | Found a staircase to the Ecumenical Temple.
  4716 | D:4      | Noticed Natasha
  4738 | D:4      | Killed Natasha
  4852 | D:4      | Noticed Natasha
  4858 | D:4      | Killed Natasha
  4859 | D:4      | Reached skill level 1 in Air Magic
  4864 | D:4      | Noticed Natasha
  4868 | D:4      | XOM: smoke on damage
  4870 | D:4      | Killed Natasha
  4883 | D:4      | Found Remub's Jewellery Shop.
  4911 | D:4      | Found a glowing silver altar of Zin.
  4911 | D:4      | Found a white marble altar of Elyvilon.
  4911 | D:4      | Found a glowing golden altar of the Shining One.
  4946 | D:4      | Found Tiatt's Jewellery Shop.
  5012 | D:4      | Found Plog's Weapon Shop.
  5310 | D:4      | Bought a potion of mutation for 112 gold pieces
  5310 | D:4      | Lost mutation: Your health recovers twice as slowly from
                  | being drained. [potion of mutation]
  5310 | D:4      | Gained mutation: You are agile. (Dex +4, Str/Int -1)
                  | [potion of mutation]
  5310 | D:4      | Gained mutation: You are strong-willed. (Will+) [potion of
                  | mutation]
  5310 | D:4      | Gained mutation: You are dopey. (Int -2) [potion of
                  | mutation]
  5311 | D:4      | Lost mutation: You are agile. (Dex +4, Str/Int -1) [potion
                  | of mutation]
  5311 | D:4      | Lost mutation: You are strong-willed. (Will+) [potion of
                  | mutation]
  5311 | D:4      | Lost mutation: You are dopey. (Int -2) [potion of mutation]
  5311 | D:4      | Gained mutation: You possess an exceptional clarity of
                  | mind. [potion of mutation]
  5418 | D:5      | Entered Level 5 of the Dungeon
  5421 | D:5      | XOM: cast spell 'Olgreb's Toxic Radiance'
  5450 | D:4      | XOM: summons 3 hostile demons
  5451 | D:4      | Noticed a nameless horror
  5463 | D:5      | Killed a nameless horror
  5615 | D:5      | Noticed Prince Ribbit
  5629 | D:5      | Reached XP level 8. HP: 55/74 MP: 11/11
  5634 | D:5      | Killed Prince Ribbit
  5635 | D:5      | Reached skill level 5 in Summonings
  5801 | D:5      | Reached skill level 5 in Air Magic
  5852 | D:5      | XOM: god gift: 53 gold pieces
  5889 | D:5      | XOM: god gift: 2 javelins
  5905 | D:5      | Noticed Duvessa
  5905 | D:5      | Noticed Dowan
  5913 | D:5      | Killed Dowan
  5916 | D:5      | Killed Duvessa
  5917 | D:5      | Reached skill level 6 in Summonings
  5923 | D:5      | Found a sand-covered staircase.
  5933 | Ossuary  | Entered an ossuary
  5939 | Ossuary  | Noticed a nameless horror
  5944 | Ossuary  | Killed a nameless horror
  5944 | Ossuary  | XOM: give mutations
  5944 | Ossuary  | Gained mutation: You can exhale a cloud of poison. [Xom's
                  | mischief]
  5944 | Ossuary  | Lost mutation: You possess an exceptional clarity of mind.
                  | [Xom's mischief]
  5944 | Ossuary  | Gained mutation: Your magical capacity is low. (-10% MP)
                  | [Xom's mischief]
  6000 | Ossuary  | XOM: 1-stop teleportation journey
  6081 | Ossuary  | Reached skill level 7 in Summonings
  6090 | Ossuary  | XOM: enchant monster (bad)
  6175 | Ossuary  | XOM: scenery: create altars
  6187 | Ossuary  | Reached XP level 9. HP: 81/81 MP: 10/10
  6245 | Ossuary  | Reached skill level 8 in Summonings
  6355 | D:5      | XOM: 1-stop teleportation journey
  6422 | D:5      | Found a shadowy altar of Dithmenos.
  6529 | D:5      | Reached skill level 9 in Summonings
  6799 | D:5      | Found a burning altar of Makhleb.
  6940 | D:5      | XOM: silly message
  7015 | D:6      | Found a basalt altar of Yredelemnul.
  7166 | D:6      | Identified the +1 robe of Weirdness {+Inv Dex+5}
  7229 | D:6      | XOM is BORED!
  7229 | D:6      | XOM: give mutations
  7229 | D:6      | Gained mutation: You are partially covered in iridescent
                  | scales. (AC +2) [Xom's mischief]
  7229 | D:6      | Gained mutation: Your skin changes colour to match your
                  | surroundings (Stealth+). [Xom's mischief]
  7229 | D:6      | Gained mutation: Your muscles are strong. (Str +4, Int/Dex
                  | -1) [Xom's mischief]
  7229 | D:6      | Gained mutation: You are frail. (-10% HP) [Xom's mischief]
  7311 | D:6      | Found a sparkling altar of Nemelex Xobeh.
  7377 | D:6      | Noticed Jeremiah
  7385 | D:6      | Killed Jeremiah
  7386 | D:6      | Reached skill level 10 in Summonings
  7525 | D:6      | XOM: 1-stop teleportation journey
  7645 | D:6      | Found Bofets's Book Boutique.
  7776 | D:6      | Noticed a two-headed ogre
  7779 | D:6      | XOM: cleaving
  7788 | D:6      | Killed a two-headed ogre
  7789 | D:6      | Reached skill level 11 in Summonings
  7789 | D:6      | Reached XP level 10. HP: 82/82 MP: 11/11
  8045 | D:6      | XOM: give mutations
  8045 | D:6      | Gained mutation: Your muscles are very strong. (Str +8,
                  | Int/Dex -2) [Xom's grace]
  8045 | D:6      | Gained mutation: Your skin blends seamlessly with your
                  | surroundings (Stealth++). [Xom's grace]
  8045 | D:6      | Gained mutation: Your tail ends in a venomous barb. [Xom's
                  | grace]
  8257 | D:6      | XOM: scenery: summon butterflies
  8481 | D:6      | XOM: god gift: 24 gold pieces
  8703 | D:7      | XOM: 6-stop teleportation journey
  8706 | D:7      | XOM: give mutations
  8706 | D:7      | Gained mutation: You have a pair of small horns on your
                  | head. [Xom's grace]
  8706 | D:7      | Gained mutation: Your mind is acute. (Int +4, Str/Dex -1)
                  | [Xom's grace]
  8706 | D:7      | Gained mutation: You are partially covered in large bone
                  | plates. (SH +4) [Xom's grace]
  8706 | D:7      | Gained mutation: You have a pair of horns on your head.
                  | [Xom's grace]
  8928 | D:7      | XOM: 4-stop teleportation journey
  9052 | D:7      | Noticed a two-headed ogre
  9057 | D:7      | XOM: summons 2 friendly demons
  9062 | D:7      | Killed a two-headed ogre
  9093 | D:7      | XOM: scenery: 2 doors close
  9727 | D:8      | Identified the +3 quarterstaff of Parts Unknown {flame,
                  | rElec rF+++ rC- Dex-5}
  9746 | D:8      | Found a staircase to the Lair.
  9746 | D:8      | XOM: 3-stop teleportation journey
  9748 | D:8      | XOM: 4-stop teleportation journey
  9759 | D:8      | XOM: polymorph orc wizard -> goblin
  9822 | D:8      | Noticed Maurice
  9825 | D:8      | XOM: confuse monster(s)
  9838 | D:8      | Maurice stole 292 gold
  9843 | D:8      | XOM: confusion
  9849 | D:8      | Maurice stole an amulet of guardian spirit
  9856 | D:8      | Killed Maurice
  9857 | D:8      | Reached skill level 10 in Fighting
 10122 | D:8      | Found Elle's Jewellery Shoppe.
 10151 | D:8      | XOM: polymorph orc wizard -> shapeshifter
 10182 | D:8      | Reached skill level 5 in Armour
 10182 | D:8      | Reached XP level 11. HP: 85/97 MP: 12/12
 10225 | D:8      | XOM: noise
 10391 | D:5      | XOM: give mutation
 10391 | D:5      | Lost mutation: You are partially covered in large bone
                  | plates. (SH +4) [Xom's mischief]
 10403 | D:4      | Bought a glowing hat for 168 gold pieces
 10485 | D:8      | Noticed Psyche
 10486 | D:8      | XOM: stat loss: -1 Int (19/21)
 10511 | D:8      | XOM: noise
 10512 | D:8      | Killed Psyche
 10565 | D:8      | XOM: 4-stop teleportation journey
 10698 | D:8      | Learned a level 4 spell: Martyr's Knell
 10721 | Lair:1   | Entered Level 1 of the Lair of Beasts
 10818 | Lair:1   | Reached skill level 1 in Necromancy
 10921 | Lair:1   | XOM: silly message
 10948 | Lair:1   | XOM: 7-stop teleportation journey
 10976 | Lair:1   | a komodo dragon changed into a mana viper
 10976 | Lair:1   | Noticed a mana viper
 10976 | Lair:1   | XOM: polymorph komodo dragon -> mana viper
 10984 | Lair:1   | Killed a mana viper
 11007 | Lair:1   | XOM: noise
 11020 | Lair:1   | XOM: confusion
 11022 | Lair:1   | XOM: fog
 11026 | Lair:1   | XOM: enchant monster (bad)
 11027 | Lair:1   | XOM: silly message
 11033 | Lair:1   | Reached skill level 5 in Necromancy
 11367 | Lair:1   | XOM: stat loss: -1 Dex (8/9)
 11540 | Lair:1   | Reached skill level 12 in Summonings
 11693 | Lair:1   | XOM: 3-stop teleportation journey
 11711 | Lair:1   | XOM: silly message
 11958 | Lair:1   | Noticed an eight-headed hydra
 12518 | Lair:2   | XOM: 1-stop teleportation journey
 12521 | Lair:2   | XOM: divination: magic mapping
 12523 | Lair:2   | Found a hole to the Spider Nest.
 12533 | Lair:2   | XOM: confuse monster(s)
 12536 | Lair:2   | HP: 10/217 [culicivora (10)]
 12555 | Lair:2   | XOM: cloud trail
 12717 | Lair:2   | XOM: summons friendly iron imp
 12724 | Lair:2   | Reached skill level 13 in Summonings
 12906 | Lair:2   | Reached XP level 12. HP: 68/104 MP: 12/13
 12932 | Lair:2   | XOM: divination: magic mapping
 13133 | Lair:2   | XOM: summons 7 hostile demons
 13146 | Lair:2   | Reached skill level 14 in Summonings
 13564 | Lair:2   | XOM: confuse monster(s)
 13608 | Lair:2   | Found a staircase to the Shoals.
 13746 | Lair:2   | XOM: cloud trail
 14075 | Lair:3   | Reached skill level 15 in Summonings
 14241 | Lair:3   | Noticed a five-headed hydra
 14247 | Lair:3   | Killed a five-headed hydra
 14380 | Lair:3   | Noticed a boulder beetle
 14395 | Lair:3   | Killed a boulder beetle
 14413 | Lair:3   | XOM: scenery: create altars
 14431 | Lair:3   | XOM: noise
 14468 | Lair:3   | XOM: smoke on damage
 14678 | Lair:3   | Gained mutation: You can use your snake-like lower body to
                  | constrict enemies. [Naga growth]
 14678 | Lair:3   | Reached XP level 13. HP: 109/110 MP: 11/14
 14700 | Lair:3   | Reached skill level 16 in Summonings
 14868 | Lair:3   | XOM: god gift: 3 javelins
 15079 | Lair:3   | XOM: summons 2 friendly demons
 15171 | Lair:3   | XOM: summons 7 hostile demons
 15482 | Lair:4   | XOM: confuse monster(s)
 15826 | Lair:4   | Reached skill level 1 in Evocations
 16394 | Lair:4   | XOM: scenery: 2 doors open
 16549 | Lair:5   | XOM: noise
 16549 | Lair:5   | Entered Level 5 of the Lair of Beasts
 17122 | Lair:5   | XOM: god gift: amulet of regeneration
 17133 | Lair:5   | XOM: stat loss: -1 Int (20/21)
 17272 | Lair:5   | XOM: cast spell 'Discord'
 17273 | Lair:5   | Found a staircase to the Slime Pits.
 17304 | Lair:5   | XOM: god gift: Xom's Omnibus of Dissolution {god gift}
 17305 | Lair:5   | Got Xom's Omnibus of Dissolution {god gift}
 17348 | Lair:5   | XOM: god gift: 14 gold pieces
 17424 | Lair:5   | XOM: confusion (+ monsters)
 17448 | Lair:5   | Reached XP level 14. HP: 114/118 MP: 5/15
 17452 | Lair:5   | XOM: divination: magic mapping
 17468 | Lair:5   | Reached skill level 5 in Evocations
 17748 | Lair:5   | XOM: give mutations
 17748 | Lair:5   | Lost mutation: Your magical capacity is low. (-10% MP)
                  | [Xom's mischief]
 17748 | Lair:5   | Lost mutation: Your skin blends seamlessly with your
                  | surroundings (Stealth++). [Xom's mischief]
 18074 | Lair:5   | Found a viscous altar of Jiyva.
 18157 | Lair:5   | XOM: 2-stop teleportation journey
 18183 | Lair:5   | Found a glowing silver altar of Zin.
 18201 | Lair:5   | XOM: enchant monster (bad)
 18205 | Lair:5   | XOM: swap monsters
 18219 | Lair:5   | XOM: enchant monster (bad)
 18225 | Lair:5   | XOM: destruction
 18231 | Lair:5   | Acquired the Papyrus of Amassed Injury
 18502 | Lair:5   | XOM: scenery: 1 doors open
 18520 | Lair:5   | XOM: confusion
 18641 | Lair:5   | XOM: noise
 18791 | Lair:5   | XOM: 1-stop teleportation journey
 18967 | Lair:5   | XOM: noise
 19006 | Lair:5   | XOM: give mutations
 19006 | Lair:5   | Lost mutation: You have a pair of horns on your head.
                  | [Xom's mischief]
 19006 | Lair:5   | Lost mutation: Your mind is acute. (Int +4, Str/Dex -1)
                  | [Xom's mischief]
 19006 | Lair:5   | Lost mutation: You can exhale a cloud of poison. [Xom's
                  | mischief]
 19006 | Lair:5   | Gained mutation: You occasionally shout uncontrollably at
                  | your foes. [Xom's mischief]
 19100 | Lair:5   | Reached skill level 17 in Summonings
 19397 | Lair:5   | XOM: destruction
 19570 | Lair:5   | XOM: give mutations
 19570 | Lair:5   | Gained mutation: Your mind is acute. (Int +4, Str/Dex -1)
                  | [Xom's mischief]
 19570 | Lair:5   | Gained mutation: You have a pair of horns on your head.
                  | [Xom's mischief]
 19570 | Lair:5   | Lost mutation: You occasionally shout uncontrollably at
                  | your foes. [Xom's mischief]
 19570 | Lair:5   | Lost mutation: You are partially covered in iridescent
                  | scales. (AC +2) [Xom's mischief]
 19611 | Lair:5   | XOM: give mutations
 19611 | Lair:5   | Lost mutation: Your mind is acute. (Int +4, Str/Dex -1)
                  | [Xom's mischief]
 19611 | Lair:5   | Lost mutation: Your tail ends in a venomous barb. [Xom's
                  | mischief]
 19730 | Lair:5   | XOM: give mutations
 19730 | Lair:5   | Gained mutation: You are dopey. (Int -2) [Xom's mischief]
 19730 | Lair:5   | Gained mutation: You possess an exceptional clarity of
                  | mind. [Xom's mischief]
 19776 | Lair:5   | XOM: polymorph inugami -> komodo dragon
 19788 | Lair:5   | XOM: butterfly on damage
 20417 | D:9      | Found a broken altar of Ashenzari.
 20551 | D:9      | XOM: 1-stop teleportation journey
 20713 | D:9      | XOM: give mutations
 20713 | D:9      | Lost mutation: You are dopey. (Int -2) [Xom's mischief]
 20713 | D:9      | Gained mutation: You are vulnerable to heat. (rF-) [Xom's
                  | mischief]
 20880 | D:9      | Found Yxuruw's Armour Boutique.
 20966 | D:9      | Found a hide-covered altar of Uskayaw.
 21130 | D:9      | Acquired 1300 gold pieces
 21154 | D:9      | Found a radiant altar of Vehumet.
 21314 | D:9      | Found a blossoming altar of Fedhas.
 21315 | D:9      | Found an iron altar of Okawaru.
 21539 | D:10     | Entered Level 10 of the Dungeon
 21651 | D:10     | XOM: smoke on damage
 21806 | D:10     | XOM: summons friendly quasit
 21810 | D:10     | Reached XP level 15. HP: 124/124 MP: 20/20
 21899 | D:10     | XOM: divination: detect items
 22166 | D:10     | Found a snail-covered altar of Cheibriados.
 22515 | D:11     | Learned a level 7 spell: Summon Hydra
 22533 | D:11     | XOM: potion effect (might)
 22535 | D:11     | Reached skill level 18 in Summonings
 22807 | D:11     | XOM: noise
 23134 | D:11     | XOM: silly message
 23336 | D:12     | XOM: divination: detect creatures
 23362 | D:12     | Reached skill level 5 in Spellcasting
 23440 | D:12     | XOM: silly message
 23567 | D:12     | XOM: cloud trail
 24869 | D:13     | XOM: confuse monster(s)
 24888 | D:13     | XOM: noise
 25291 | D:13     | XOM is BORED!
 25291 | D:13     | XOM: 2-stop teleportation journey
 25369 | D:13     | Noticed Frances
 25396 | D:13     | Killed Frances
 25775 | D:13     | Reached skill level 19 in Summonings
 26460 | D:14     | XOM: noise
 26487 | D:14     | XOM: silly message
 26532 | D:14     | XOM is BORED!
 26532 | D:14     | XOM: silly message
 26969 | D:14     | Found a stormy altar of Qazlal.
 27036 | D:14     | Found a gate to the Vaults.
 27733 | D:14     | XOM: divination: detect creatures
 28921 | D:14     | XOM: silly message
 29003 | D:14     | Reached skill level 20 in Summonings
 29388 | D:14     | XOM: god gift: 4 stones
 29534 | D:14     | XOM: scenery: summon butterflies
 29676 | D:15     | Entered Level 15 of the Dungeon
 29701 | D:15     | XOM: divination: detect creatures
 29704 | D:15     | XOM: 3-stop teleportation journey
 29888 | D:15     | XOM: smoke on damage
 29973 | D:15     | Reached XP level 16. HP: 131/131 MP: 2/25
 30132 | D:15     | Found an ancient bone altar of Kikubaaqudgha.
 30143 | D:15     | Learned a level 7 spell: Haunt
 30169 | D:15     | Found Noschy's Assorted Antiques.
 30313 | D:15     | Bought a scroll of identify for 56 gold pieces
 30395 | D:15     | XOM: give mutation
 30395 | D:15     | Gained mutation: You are strong-willed. (Will+) [Xom's
                  | grace]
 30529 | D:15     | Found a portal to a secret trove of treasure.
 30575 | D:15     | XOM: god gift: 720 gold pieces
 30649 | D:15     | XOM: god gift: 2 stones
 30851 | D:15     | XOM: polymorph inugami -> ice beast
 30975 | D:15     | Reached skill level 10 in Necromancy
 31036 | D:15     | XOM: give mutations
 31036 | D:15     | Gained mutation: Your flesh is cold resistant. (rC+) [Xom's
                  | grace]
 31036 | D:15     | Gained mutation: You passively map a small area around you.
                  | [Xom's grace]
 31036 | D:15     | Gained mutation: Your flesh is very cold resistant. (rC++)
                  | [Xom's grace]
 31052 | D:15     | Found a staircase to the Depths.
 31684 | Spider:1 | Entered Level 1 of the Spider Nest
 32139 | Spider:1 | XOM: cloud trail
 32514 | Spider:1 | Got Sif Muna's Catalogue of the Blink Frog
 32607 | Spider:1 | XOM: 2-stop teleportation journey
 33848 | Spider:1 | XOM: divine lightning
 34136 | Spider:1 | XOM: god gift: +1 quarterstaff of chaos
 34962 | Spider:1 | XOM: 2-stop teleportation journey
 34982 | Spider:2 | XOM: god gift: scarf of shadows
 35013 | Spider:1 | XOM: divination: magic mapping
 35231 | Spider:1 | XOM: polymorph four-headed hydra -> shapeshifter
 35268 | Spider:1 | XOM: cloud trail
 35505 | Spider:2 | XOM: confuse monster(s)
 35587 | Spider:1 | XOM: god gift: chain mail {god gift}
 35589 | Spider:1 | XOM: god gift: 2 potions of might
 35701 | Spider:2 | XOM: god gift: 1229 gold pieces
 35843 | Spider:1 | XOM: divination: detect creatures
 36334 | Spider:2 | XOM: give mutations
 36334 | Spider:2 | Gained mutation: You have a pair of large horns on your
                  | head. [Xom's grace]
 36334 | Spider:2 | Lost mutation: You are frail. (-10% HP) [Xom's grace]
 36334 | Spider:2 | Gained mutation: Your natural rate of healing is unusually
                  | fast. [Xom's grace]
 36334 | Spider:2 | Gained mutation: You are partially covered in large bone
                  | plates. (SH +4) [Xom's grace]
 36557 | Spider:1 | XOM: give mutations
 36557 | Spider:1 | Lost mutation: You are strong-willed. (Will+) [Xom's
                  | mischief]
 36557 | Spider:1 | Lost mutation: You are vulnerable to heat. (rF-) [Xom's
                  | mischief]
 36778 | Spider:2 | Noticed Arachne
 36786 | Spider:2 | Killed Arachne
 37670 | Spider:2 | XOM: smoke on damage
 37680 | Spider:2 | XOM: summons 9 friendly demons
 37682 | Spider:2 | Reached XP level 17. HP: 107/153 MP: 6/30
 38014 | Spider:2 | XOM: scenery: summon butterflies
 38216 | Spider:2 | XOM: noise
 38466 | Spider:2 | XOM: silly message
 38563 | Spider:3 | Reached skill level 10 in Spellcasting
 38719 | Spider:3 | XOM: 1-stop teleportation journey
 38904 | Spider:3 | XOM: stat loss: -1 Dex (10/11)
 39161 | Spider:3 | XOM: god gift: javelin
 39235 | Spider:3 | XOM: god gift: 4 stones
 39318 | Spider:3 | XOM: cloud trail
 39413 | Spider:3 | XOM: cloud trail
 39475 | Spider:3 | XOM: give mutation
 39475 | Spider:3 | Gained mutation: You are partially covered in iridescent
                  | scales. (AC +2) [Xom's grace]
 39683 | Spider:3 | Learned a level 7 spell: Malign Gateway
 39749 | Spider:3 | Reached skill level 1 in Translocations
 39903 | Spider:3 | XOM: cloud trail
 39980 | Spider:3 | Identified the blade talisman "Ickalion" {+Blink}
 39987 | Spider:3 | XOM is BORED!
 39987 | Spider:3 | XOM: noise
 40161 | Spider:4 | Entered Level 4 of the Spider Nest
 40318 | Spider:4 | XOM: silly message
 40600 | Spider:3 | XOM: divination: magic mapping
 40653 | Spider:3 | XOM: god gift: 4 curare-tipped darts
 41253 | Spider:4 | XOM: summons friendly quasit
 41265 | Spider:3 | XOM: give mutations
 41265 | Spider:3 | Gained mutation: Your movements are slightly less
                  | encumbered by armour. (ER -2) [Xom's grace]
 41265 | Spider:3 | Gained mutation: You can exhale a cloud of poison. [Xom's
                  | grace]
 41265 | Spider:3 | Gained mutation: Your mind is acute. (Int +4, Str/Dex -1)
                  | [Xom's grace]
 41265 | Spider:3 | Gained mutation: Your spells are a little harder to cast,
                  | but a little more powerful. [Xom's grace]
 42083 | Spider:4 | Reached skill level 5 in Translocations
 42607 | Spider:4 | XOM: scenery: summon butterflies
 42719 | Spider:4 | XOM: stat loss: -1 Dex (8/10)
 43148 | Spider:4 | Reached skill level 21 in Summonings
 43317 | Spider:4 | XOM: fog
 43699 | Spider:4 | XOM: 4-stop teleportation journey
 43816 | Spider:4 | XOM: summons 1 hostile shadow creature
 43986 | Spider:4 | XOM: summons 9 hostile demons
 44040 | Spider:4 | XOM: summons friendly shadow imp
 44752 | Spider:4 | XOM: give mutations
 44752 | Spider:4 | Lost mutation: Your natural rate of healing is unusually
                  | fast. [Xom's mischief]
 44752 | Spider:4 | Lost mutation: You can exhale a cloud of poison. [Xom's
                  | mischief]
 44774 | Spider:4 | XOM: polymorph emperor scorpion -> stone giant
 44906 | Spider:4 | XOM: summons 4 hostile shadow creatures
 44912 | Spider:4 | HP: 1/153 [torpor snail[Xom] (11)]
 44912 | Spider:4 | Mangled by an entropy weaver

Illustrated notes

Levels and vault maps discovered:
D:1:      lightli_arrival_quake, layout_basic
D:2:      layout_loops_ring, chequers_ecumenical_altar_island, uniq_terence
D:3:      layout_basic, xom_confusion_cloud, nicolae_ru_path_of_blood
D:4:      layout_rooms, good_gods_mini_temple, minmay_temple_entry_glassed_door,
          serial_shops, nicolae_inconvenience_store,
          nicolae_shop_back_alley_shop, nicolae_shop_trees, shop,
          nicolae_shop_window_shopping, lightli_minifort, uniq_robin,
          uniq_natasha, uniq_edmund
D:5:      layout_rooms, makhleb_blood_cavern_becter,
          nicolae_dithmenos_through_a_glass_darkly, gup_ossuary_entry_pyramid,
          uniq_prince_ribbit1, uniq_duvessa
D:6:      layout_layer_cave, yredelemnul_altar_generic,
          nicolae_overflow_hidden_temple, nemelex_spade_bored_becter,
          serial_shops, nicolae_shop_stone, uniq_jeremiah
D:7:      layout_basic, serial_glass, glass_columns_c, glass_columns_a,
          david_defended_altar_orc
D:8:      layout_rooms, erik_lair_orcish_takeover, serial_shops,
          nicolae_shop_back_alley_shop, roderic_roman_lattice, uniq_maurice,
          uniq_psyche
D:9:      layout_long_grid, mainiacjoe_overflow_brackets,
          nicolae_overflow_crystal_walls, evilmike_ruin_ashenzari,
          mainiacjoe_overflow_divided_tiny, erik_orc_2, serial_shops, shop
D:10:     layout_gridville, mainiacjoe_overflow_alcove_2,
          chequers_serial_rivers_small_a, minmay_misc_feat_pillars
D:11:     layout_cross
D:12:     layout_loops_ring
D:13:     layout_stronghold, uniq_frances
D:14:     minmay_s_stair_smasher, layout_stronghold,
          hellmonk_vaults_attempted_burglary, nicolae_qazlal_general_emergency
D:15:     hangedman_depths_entry_try_elsewhere_first, layout_irregular_city,
          serial_shops, shop, minmay_misc_feat_enclosed, enter_trove_2,
          chequers_arboretum, kiku_gazebo_garden_becter
Lair:1:   cheibrodos_lair_river_kwai, layout_chaotic_city
Lair:2:   layout_cave_pods, mainiacjoe_shoals_entry_four_pools,
          hellmonk_spider_entry_life_and_decay, chequers_serial_rivers_small_3,
          beast_lair_carwin_6
Lair:3:   layout_gridlike, grunt_megastairs_3
Lair:4:   layout_roguey
Lair:5:   guppyfry_lair_end_dragon, layout_regular_city, wormcave,
          slime_entry_1, basic_altar, pdpol_lair_cavern_descent
Spider:1: layout_cave_pods
Spider:2: layout_spider_delve, guppyfry_hornet_nest, uniq_arachne
Spider:3: layout_spider_delve
Spider:4: grunt_spider_rune_circles

Skill      XL: |  1  2  3  4  5  6  7  8  9 10 11 12 13 14 15 16 17 |
---------------+----------------------------------------------------+-----
Fighting       | 1 2 3 4 5 6 10 | 10.0
Armour         | 2 4 5 6 8 9 |  9.6
Air Magic      | 3 5 |  5.0
Summonings     | 7 11 13 15 16 17 20 21 | 21.2
Necromancy     | 5 8 9 13 | 13.0
Evocations     | 4 5 |  5.0
Spellcasting   | 3 6 9 10 | 10.0
Translocations | 6 |  6.6
Dodging        | |  1.5
Stealth        | |  3.0

Action                     |  1- 3 |  4- 6 |  7- 9 | 10-12 | 13-15 | 16-18 || total
---------------------------+-------+-------+-------+-------+-------+-------++-------
  Melee: Unarmed           |    99 |       |       |       |       |       ||    99
         Hand axe          |    12 |    99 |   281 |   235 |   441 |   153 ||  1221
         Punch             |     1 |     1 |     3 |     3 |     9 |     6 ||    23
         Headbutt          |       |       |       |    31 |   161 |    58 ||   250
         Constrict         |       |       |       |       |    99 |    43 ||   142
   Cast: Summon Small Mamm |    22 |     8 |    12 |    26 |    18 |     4 ||    90
         Call Imp          |    11 |    19 |    28 |    39 |    51 |     5 ||   153
         Call Canine Famil |     6 |    13 |    32 |    40 |    57 |    10 ||   158
         Summon Lightning  |       |       |    18 |    65 |   123 |    15 ||   221
         Martyr's Knell    |       |       |       |    13 |    48 |    23 ||    84
         Summon Hydra      |       |       |       |       |   108 |   256 ||   364
         Haunt             |       |       |       |       |       |    79 ||    79
         Malign Gateway    |       |       |       |       |       |     6 ||     6
Ability: Spit Poison       |     5 |     3 |     2 |       |       |       ||    10
         Breathe Poison Ga |       |       |     5 |    19 |    19 |     1 ||    44
  Evoke: Wand              |       |       |       |     1 |     2 |       ||     3
    Use: Potion            |     4 |     3 |     2 |    11 |     1 |     2 ||    23
         Scroll            |     3 |     3 |     3 |     2 |     9 |     6 ||    26
   Stab: Sleeping          |     3 |     2 |     2 |     3 |     1 |     2 ||    13
         Held in net/web   |       |       |     1 |       |       |       ||     1
         Distracted        |       |       |     1 |     5 |    11 |     2 ||    19
         Confused          |       |       |       |     1 |       |       ||     1
 Armour: Robe              |   137 |   101 |   271 |   415 |   991 |   891 ||  2806
         Skin              |       |       |       |    23 |       |       ||    23
  Dodge: Dodged            |    72 |    72 |   121 |   157 |   273 |   200 ||   895
  Block: Other             |       |       |       |    21 |       |    60 ||    81
